 Dungeon Sprint DCSS version 0.28-a0-804-g60983d4ba9 (webtiles) character file.

Game seed: 13415492545005292454

6817 mhtbhm the Bludgeoner (level 10, -10/104 HPs)
             Began as a Minotaur Fighter on Nov 7, 2021.
             Was a High Priest of Okawaru.
             Mangled by a dire elephant (32 damage)
             ... in the Dungeon (Sprint IX: "|||||||||||||||||||||||||||||").
             The game lasted 00:03:18 (1821 turns).

mhtbhm the Bludgeoner (Minotaur Fighter)            Turns: 1821, Time: 00:03:19

Health: -10/104    AC: 13    Str: 24    XL:     10   Next: 77%
Magic:  14/14      EV: 15    Int:  5    God:    Okawaru [*****.]
Gold:   5          SH:  7    Dex: 10    Spells: 9/9 levels left

rFire   . . .      SeeInvis .   a - +0 flail
rCold   . . .      Faith    .   c - +0 buckler
rNeg    . . .      Spirit   .   b - +2 ring mail
rPois   .          Reflect  .   (helmet restricted)
rElec   .          Harm     .   m - +0 cloak
rCorr   .          Rampage  .   (no gloves)
Will    .....      NoTele   +   (no boots)
Stlth   +.........              (no amulet)
HPRegen 0.27/turn               n - +2 ring of evasion
MPRegen 0.14/turn               o - +2 ring of protection

@: mighty
A: horns 2, retaliatory headbutt
a: Renounce Religion, Heroism, Finesse


You were in the Dungeon.
You worshipped Okawaru.
Okawaru was extremely pleased with you.
You visited 1 branch You collected 5 gold pieces.

Inventory:

Hand Weapons
 a - a +0 flail (weapon)
Armour
 b - a +2 ring mail (worn)
 c - a +0 buckler (worn)
 m - a +0 cloak (worn)
Jewellery
 n - a +2 ring of evasion (left hand)
 o - a +2 ring of protection (right hand)
Wands
 l - a wand of iceblast (9)
Scrolls
 j - 2 scrolls of amnesia
 r - 2 scrolls of identify
 s - 4 scrolls of enchant armour
 t - 2 scrolls of enchant weapon
Potions
 d - 2 potions of resistance
 e - 5 potions of curing
 f - a potion of heal wounds
 g - a potion of haste
 h - 4 potions of magic
 i - a potion of brilliance
Miscellaneous
 q - a lightning rod (4/4)


   Skills:
 + Level 14.8 Fighting
 + Level 15.3 Maces & Flails
 + Level 14.2 Armour
 + Level 5.8 Dodging
 - Level 0.7 Stealth
 + Level 14.8 Shields
 * Level 7.4 Invocations
 + Level 3.5 Evocations


You had 9 spell levels left.
You didn't know any spells.
Your spell library was empty.

Dungeon Overview and Level Annotations

Branches:
Dungeon (1/1)

Altars:
Cheibriados
Dithmenos
Elyvilon
Fedhas
Gozag
Hepliaklqana
Kikubaaqudgha
Makhleb
Nemelex Xobeh
Okawaru
Qazlal
Ru
Sif Muna
Trog
Uskayaw
Vehumet
Wu Jian
Xom
Yredelemnul
Zin
The Shining One
Beogh
Jiyva
Lugonu


Innate Abilities, Weirdness & Mutations

You have a pair of horns on your head.
You reflexively headbutt those who attack you in melee.


Message History

You block the dire elephant's attack.
The dire elephant trunk-slaps you but does no damage.
You sock the dire elephant! Your headbutt misses the dire elephant.
The dire elephant is lightly wounded.
The dire elephant tramples you!!
You stumble backwards!
You hit the dire elephant but do no damage.
The dire elephant is lightly wounded.
You sock the dire elephant!
The dire elephant is moderately wounded.
The dire elephant tramples you!!
You stumble backwards!
You hit the dire elephant but do no damage.
The dire elephant is moderately wounded.
The dire elephant tramples you but does no damage.
The dire elephant trunk-slaps you but does no damage.
You bludgeon the dire elephant!!
The dire elephant is heavily wounded.
You sock the dire elephant! You headbutt the dire elephant.
The dire elephant is heavily wounded.
The dire elephant tramples you!!
You stumble backwards!
You are too injured to fight recklessly!
You are too injured to fight recklessly!
You are too injured to fight recklessly!
You are too injured to fight recklessly!
You are too injured to fight recklessly!
You are too injured to fight recklessly!
You are too injured to fight recklessly!
You are too injured to fight recklessly!
You are too injured to fight recklessly!
You are too injured to fight recklessly!
You are too injured to fight recklessly!
You feel much better. The dire elephant tramples you!!
You stumble backwards!
You feel very mighty all of a sudden. The dire elephant tramples you!!
* * * LOW HITPOINT WARNING * * *
You stumble backwards!
Unknown command.
You sock the dire elephant! You headbutt the dire elephant.
The dire elephant is severely wounded.
The dire elephant tramples you!!
You die...

▓)▓.▓.▓
▓.▓.▓.▓
▓'▓.▓.▓
▓.▓.▓.▓
▓.▓.▓.▓
▓.▓.▓(▓
▓.▓.▓.▓
▓.▓.▓.▓
▓'▓.▓@▓
▓_▓.▓Y▓
▓_▓.▓Y▓
▓_▓.▓.▓
▓_▓.▓.▓
▓_▓.▓'▓
▓_▓.▓)▓
▓_▓.▓÷▓
▓_▓.▓.▓


You could see a dire elephant and an elephant.

Vanquished Creatures
  A dire elephant (D)
  A deep elf pyromancer (D)
  3 elephants (D)
  5 cane toads (D)
  A komodo dragon (D)
  A kobold demonologist (D)
  An efreet (D)
  A blink frog (D)
  A dream sheep (D)
  2 yaks (D)
  A wraith (D)
  A basilisk (D)
  3 water moccasins (D)
  An ogre (D)
  A wolf (D)
  A centaur (D)
  4 bullfrogs (D)
  A scorpion (D)
  A killer bee (D)
  A hound (D)
  An iguana (D)
  An orc wizard (D)
  An orc (D)
  2 endoplasms (D)
  A kobold (D)
  A bat (D)
  A giant cockroach zombie (D)
  A rat (D)
41 creatures vanquished.

Vanquished Creatures (others)
  A centaur warrior (D)
  An ugly thing (D)
  A gargoyle (D)
3 creatures vanquished.

Grand Total: 44 creatures vanquished

Notes
Turn   | Place    | Note
-------+----------+-------------------------------------------
     0 | D        | mhtbhm the Minotaur Fighter began the quest for the Orb.
     0 | D        | Reached XP level 1. HP: 19/19 MP: 0/0
   104 | D        | Noticed an ogre
   104 | D        | Noticed a scorpion
   104 | D        | Noticed a hound
   104 | D        | Noticed an iguana
   111 | D        | Killed an ogre
   112 | D        | Reached skill level 4 in Maces & Flails
   112 | D        | Reached XP level 2. HP: 26/31 MP: 1/1
   112 | D        | Reached XP level 3. HP: 32/38 MP: 2/2
   112 | D        | Reached XP level 4. HP: 38/45 MP: 3/3
   114 | D        | Killed a scorpion
   115 | D        | Reached skill level 5 in Maces & Flails
   115 | D        | Reached XP level 5. HP: 38/52 MP: 4/4
   276 | D        | Found a snail-covered altar of Cheibriados.
   276 | D        | Found a shadowy altar of Dithmenos.
   276 | D        | Found a white marble altar of Elyvilon.
   276 | D        | Found a blossoming altar of Fedhas.
   276 | D        | Found an opulent altar of Gozag.
   277 | D        | Found a hazy altar of Hepliaklqana.
   278 | D        | Found a viscous altar of Jiyva.
   279 | D        | Found an ancient bone altar of Kikubaaqudgha.
   280 | D        | Found a corrupted altar of Lugonu.
   281 | D        | Found a burning altar of Makhleb.
   282 | D        | Found a sparkling altar of Nemelex Xobeh.
   283 | D        | Found an iron altar of Okawaru.
   284 | D        | Found a stormy altar of Qazlal.
   285 | D        | Found a sacrificial altar of Ru.
   286 | D        | Found a shimmering blue altar of Sif Muna.
   287 | D        | Found a bloodstained altar of Trog.
   288 | D        | Found a hide-covered altar of Uskayaw.
   289 | D        | Found a radiant altar of Vehumet.
   290 | D        | Found an ornate altar of the Wu Jian Council.
   291 | D        | Became a worshipper of Warmaster Okawaru
   292 | D        | Found a shimmering altar of Xom.
   439 | D        | Found a basalt altar of Yredelemnul.
   440 | D        | Found a glowing silver altar of Zin.
   441 | D        | Found a glowing golden altar of the Shining One.
   488 | D        | Noticed a wraith
   488 | D        | Noticed a centaur
   488 | D        | Noticed a yak
   488 | D        | Noticed a kobold demonologist
   494 | D        | Killed a wraith
   495 | D        | Reached skill level 7 in Maces & Flails
   495 | D        | Reached XP level 6. HP: 63/63 MP: 5/5
   499 | D        | Reached * piety under Okawaru
   500 | D        | Reached skill level 10 in Armour
   502 | D        | Noticed a rust devil
   507 | D        | Killed a yak
   507 | D        | Reached ** piety under Okawaru
   508 | D        | Reached skill level 10 in Fighting
   508 | D        | Reached skill level 8 in Maces & Flails
   508 | D        | Reached skill level 1 in Dodging
   508 | D        | Reached skill level 10 in Shields
   508 | D        | Reached XP level 7. HP: 69/73 MP: 6/6
   510 | D        | Noticed an orange demon
   511 | D        | Killed a kobold demonologist
   512 | D        | Reached skill level 9 in Maces & Flails
   517 | D        | Noticed a deep elf pyromancer
   517 | D        | Noticed a gargoyle
   517 | D        | Noticed a brown ugly thing
   517 | D        | Noticed a centaur warrior
   517 | D        | Noticed an efreet
   529 | D        | Killed a gargoyle
   530 | D        | Killed a brown ugly thing
   532 | D        | Killed a deep elf pyromancer
   533 | D        | Reached skill level 10 in Maces & Flails
   533 | D        | Reached XP level 8. HP: 57/82 MP: 7/7
   534 | D        | Killed a centaur warrior
   535 | D        | Reached skill level 11 in Maces & Flails
   537 | D        | Reached *** piety under Okawaru
   540 | D        | Killed an efreet
   541 | D        | Reached XP level 9. HP: 46/91 MP: 8/8
   834 | D        | Noticed a cane toad
   834 | D        | Noticed a cane toad
   834 | D        | Noticed a cane toad
   837 | D        | Killed a cane toad
   837 | D        | Killed a cane toad
   837 | D        | Reached **** piety under Okawaru
   837 | D        | Killed a cane toad
   838 | D        | Reached skill level 13 in Maces & Flails
   838 | D        | Reached skill level 1 in Evocations
   876 | D        | Noticed a cane toad
   876 | D        | Noticed a cane toad
   883 | D        | Noticed a komodo dragon
   886 | D        | Killed a cane toad
   886 | D        | Reached ***** piety under Okawaru
   887 | D        | Reached skill level 5 in Invocations
   887 | D        | Reached XP level 10. HP: 100/101 MP: 12/12
   892 | D        | Killed a cane toad
   893 | D        | Reached skill level 14 in Maces & Flails
  1073 | D        | Noticed a dire elephant
  1073 | D        | Noticed an elephant
  1073 | D        | Noticed an elephant
  1073 | D        | Noticed an elephant
  1073 | D        | Noticed a dire elephant
  1073 | D        | Noticed an elephant
  1421 | D        | Killed an elephant
  1422 | D        | Reached skill level 5 in Dodging
  1429 | D        | Killed an elephant
  1451 | D        | HP: 2/104 [dire elephant (25)]
  1464 | D        | Killed a dire elephant
  1464 | D        | Received a gift from Okawaru
  1465 | D        | Reached skill level 15 in Maces & Flails
  1468 | D        | Killed an elephant
  1821 | D        | Mangled by a dire elephant

Illustrated notes

Levels and vault maps discovered:
D:        linesprint [early_d, line_temple, items_1, d_10, items_2, lair_1,
          lair_end, items_3, orc_1, orc_end, items_4, d_15, swamp_1, shoals_1,
          snake_1, spider_1, d_20, vaults_1, items_5, swamp_end, shoals_end,
          snake_end, spider_end, vaults_end, d_27, items_6, zot_1, zot_end,
          crypt_end, forest_end, elf_end, slime_end, tomb_end, abyss_end,
          pan_hell_end]

Skill      XL: |  1  2  3  4  5  6  7  8  9 10 |
---------------+-------------------------------+-----
Fighting       | 6 7 9 10 11 12 13 14 | 14.8
Armour         | 6 7 9 10 12 13 14 | 14.2
Shields        | 6 7 9 10 12 13 14 | 14.8
Maces & Flails | 4 5 7 8 10 11 13 15 | 15.3
Dodging        | 1 2 3 4 5 |  5.8
Invocations    | 5 7 |  7.4
Evocations     | 1 3 |  3.5
Stealth        | |  0.7

Action                   |  1- 3 |  4- 6 |  7- 9 | 10-12 || total
-------------------------+-------+-------+-------+-------++-------
Melee: Flail             |    15 |    25 |    48 |    78 ||   166
       Headbutt          |     4 |     7 |    12 |    27 ||    50
Invok: Heroism           |       |       |       |     1 ||     1
Evoke: Wand              |       |     1 |       |       ||     1
       Lightning rod     |       |       |     5 |     8 ||    13
  Use: Potion            |     1 |     1 |     2 |     5 ||     9
       Scroll            |     1 |       |       |     1 ||     2
 Stab: Invisible         |       |       |     2 |       ||     2
Armor: Scale mail        |     4 |     2 |       |       ||     6
       Ring mail         |       |    11 |    14 |    27 ||    52
Dodge: Dodged            |     5 |    18 |    12 |    31 ||    66
Block: Buckler           |     1 |    10 |    16 |    18 ||    45

Table legend: (Time is in decaauts)
 A = Elapsed time spent in this place.
 B = Non-inter-level travel time spent in this place.
 C = Inter-level travel time spent in this place.
 D = Time resting spent in this place.
 E = Time spent auto-exploring this place.
 F = Levels seen in this place.
 G = Mean time per level.
                   A        B        C        D        E       F      G
               +--------+--------+--------+--------+--------+-----+--------+
         Total |   1803 |   1803 |      0 |   1101 |    348 |   1 | 1803.0 |
       Dungeon |   1803 |   1803 |      0 |   1101 |    348 |   1 | 1803.0 |
               +--------+--------+--------+--------+--------+-----+--------+

Top non-repeatable levels by time:
       D: 1803 daAuts
